 Dungeon Crawl Stone Soup version 0.30-a0-4-ga7cffc901d (webtiles) character file.

Game seed: 9424182222989712994

634 ytrimaz the Caller (level 7, -2/46 HPs)
             Began as a Demonspawn Summoner on Aug 22, 2022.
             Killed from afar by Ijyb (21 damage)
             ... with a bolt of acid
             ... on level 5 of the Dungeon.
             The game lasted 00:09:55 (5314 turns).

ytrimaz the Caller (Demonspawn Summoner)            Turns: 5314, Time: 00:09:56

Health: -2/46      AC: -2    Str:  9    XL:     7   Next: 24%
Magic:  2/13       EV: 12    Int: 18    God:
Gold:   158        SH:  0    Dex: 19    Spells: 5/14 levels left

rFire   . . .      SeeInvis .    (no weapon)
rCold   . . .      Faith    .    (no shield)
rNeg    . . .      Spirit   .    a - +0 robe
rPois   .          Reflect  .    (helmet restricted)
rElec   .          Harm     .    (no cloak)
rCorr   .          Rampage  .    (no gloves)
Will    .....                    (no boots)
Stlth   ++........               (no amulet)
HPRegen 0.15/turn                h - +6 ring of dexterity
MPRegen 0.13/turn                (no ring)

@: corroded
A: hooves 2, horns 2, demonic magic 2
a: no special abilities


You were on level 5 of the Dungeon.
You visited 2 branches of the dungeon, and saw 6 of its levels.

You collected 158 gold pieces.

Inventory:

Armour
 a - a +0 robe (worn)
Jewellery
 h - a +6 ring of dexterity (left hand)
Scrolls
 c - 3 scrolls of immolation
 j - 2 scrolls of enchant weapon
 k - a scroll of teleportation
 o - 2 scrolls of fear
Potions
 b - 2 potions of magic
 d - a potion of resistance {unknown}
 e - a potion of haste {unknown}
 f - a potion of might
 g - a potion of brilliance {unknown}
 i - 2 potions of curing
 l - 2 potions of heal wounds {unknown}
 m - 2 potions of berserk rage {unknown}
 n - a potion of cancellation {unknown}


   Skills:
 + Level 1.4 Ranged Weapons
 - Level 1.7 Dodging
 - Level 1.8 Stealth
 - Level 4.1 Spellcasting
 - Level 4.0 Hexes
 - Level 6.1 Summonings
 + Level 0.2 Earth Magic


You had 5 spell levels left.
You knew the following spells:

 Your Spells              Type           Power      Damage    Failure   Level
a - Call Imp              Summ           25%        N/A       1%          2
b - Summon Small Mammal   Summ           100%       N/A       1%          1
c - Call Canine Familiar  Summ           25%        N/A       3%          3
d - Summon Guardian Gole  Hex/Summ       22%        N/A       5%          3

Your spell library contained the following spells:

 Spells                   Type           Power      Damage    Failure   Level
 Slow                     Hex            72%        N/A       2%          1
 Sandblast                Erth           8%         2d5       13%         1
 Foxfire                  Conj/Fire      12%        2x1d4     14%         1
 Summon Lightning Spire   Summ/Air       14%        N/A       38%         4
 Conjure Flame            Conj/Fire      3%         6-21      41%         3
 Ignite Poison            Fire/Tmut/Pois 3%         N/A       41%         3
 Sticky Flame             Conj/Fire      3%         2d3       82%         4


Dungeon Overview and Level Annotations

Branches:
Dungeon (5/15)             Temple (1/1) D:4

Altars:
Ashenzari
Cheibriados
Dithmenos
Fedhas
Gozag
Kikubaaqudgha
Nemelex Xobeh
Okawaru
Qazlal
Ru
Trog
Uskayaw
Vehumet
Wu Jian
Yredelemnul

Annotations:
D:5 Ijyb


Innate Abilities, Weirdness & Mutations

You have hoof-like feet.
You have a pair of horns on your head.
Spells you cast may paralyse nearby enemies.


Message History

What are your orders? t - Shout!
Orders for allies: a - Attack new target. r - Retreat! s - Stop attacking. g - Guard the area. f - Follow me.
Anything else - Cancel.
Okay, then.
Casting: Call Canine Familiar (dangerous; 3% risk of failure)
Confirm with . or Enter, or press ? or * to list all spells.
Malevolent energies surge around you.
Your hound disappears in a puff of smoke!
Unknown command.
You swap places.
Casting: Call Canine Familiar (dangerous; 3% risk of failure)
Confirm with . or Enter, or press ? or * to list all spells.
Malevolent energies surge around you.
Ijyb zaps a wand.
The bolt of acid hits your hound! The acid corrodes your hound!
Your hound dies!
Your hound's corpse disappears in a puff of smoke!
The bolt of acid hits you! The acid corrodes you!
Unknown command.
Casting: Summon Small Mammal (safe; 1% risk of failure)
Confirm with . or Enter, or press ? or * to list all spells.
Malevolent energies surge around you.
Your bat hits Ijyb but does no damage.
Unknown command.
Your bat barely misses Ijyb.
Your bat barely misses Ijyb.
Ijyb zaps a wand.
The bolt of acid hits your hound! The bolt of acid hits you!
Casting: Call Canine Familiar (dangerous; 3% risk of failure)
Confirm with . or Enter, or press ? or * to list all spells.
A guardian golem appears, shielding your allies.
Malevolent energies surge around you.
Your bat hits Ijyb but does no damage.
Ijyb zaps a wand.
The bolt of acid misses you.
Unknown command.
Ijyb zaps a wand.
The bolt of acid hits your hound! The acid corrodes your hound!
Your hound dies!
Your hound's corpse disappears in a puff of smoke!
The bolt of acid hits you!!
You die...

#....##.....###.....###.....##
....#..###..#.......#5.###..#..
........#...............#......
# #.[.......#.....#.........#.
#. #.........##...##.........##
##.#.........#.....#.........#.
+.......#...............#......
##.##..###..#.......#..###..#..
# ##..(..###@....###.....###.
##.......#..###..#.......#..
#.......ยง....#..............
###.....#9........#.....#...
##..g##.....(...##...##...
###.....#.........#.....#...
#............#..............
##....g..#..###..#......(#..
##.....###[....###.....###.


You could see Ijyb (ally target) and a friendly guardian golem (summoned).

Vanquished Creatures
  Grinder (D:5)
  An adder (D:3)
  A worm (D:2)
  A dart slug (D:1)
  A ball python (D:2)
  2 jackals (D:3)
  2 bats
9 creatures vanquished.

Vanquished Creatures (collateral kills)
  An ogre (D:5)
  A scorpion (D:3)
  A necrophage (D:4)
  A jelly (D:5)
  An iguana (D:4)
  9 adders
  3 gnolls (D:2)
  A worm (D:4)
  2 dart slugs (D:1)
  5 ball pythons
  7 bats
  4 endoplasms (D:3)
  A giant cockroach (D:3)
  8 hobgoblins
  8 jackals
  A quokka (D:2)
  4 frilled lizards
  4 goblins
  3 kobolds
  2 rats (D:2)
67 creatures vanquished.

Vanquished Creatures (others)
  A plant (D:1)
1 creature vanquished.

Grand Total: 77 creatures vanquished

Notes
Turn   | Place    | Note
-------+----------+-------------------------------------------
     0 | D:1      | ytrimaz the Demonspawn Summoner began the quest for the
                  | Orb.
     0 | D:1      | Reached XP level 1. HP: 13/13 MP: 3/3
   141 | D:1      | Discovered your monstrous ancestry.
   141 | D:1      | Gained mutation: You have large cloven feet. [demonic
                  | ancestry]
   141 | D:1      | Reached XP level 2. HP: 17/19 MP: 5/5
   434 | D:1      | Learned a level 2 spell: Call Imp
   934 | D:1      | Gained mutation: You have hoof-like feet. [demonic
                  | ancestry]
   934 | D:1      | Reached XP level 3. HP: 20/24 MP: 1/6
  1765 | D:2      | Reached skill level 5 in Summonings
  1773 | D:2      | Learned a level 3 spell: Call Canine Familiar
  2161 | D:2      | Gained mutation: You have a pair of small horns on your
                  | head. [demonic ancestry]
  2161 | D:2      | Reached XP level 4. HP: 18/30 MP: 8/8
  2450 | D:2      | Found a faded altar of an unknown god.
  3056 | D:3      | Noticed a scorpion
  3086 | D:3      | Killed a scorpion
  3087 | D:3      | Gained mutation: Spells you cast may paralyse adjacent
                  | enemies. [demonic ancestry]
  3087 | D:3      | Reached XP level 5. HP: 29/35 MP: 1/10
  3473 | D:3      | Learned a level 3 spell: Summon Guardian Golem
  4324 | D:4      | Reached skill level 6 in Summonings
  4324 | D:4      | Gained mutation: You have a pair of horns on your head.
                  | [demonic ancestry]
  4324 | D:4      | Reached XP level 6. HP: 32/41 MP: 2/12
  4457 | D:4      | Got First Steps in Wizardry
  4497 | D:4      | Found a staircase to the Ecumenical Temple.
  4617 | D:4      | Reached skill level 1 in Hexes
  4868 | Temple   | Entered the Ecumenical Temple
  5048 | D:5      | Entered Level 5 of the Dungeon
  5098 | D:5      | Noticed Grinder
  5113 | D:5      | Paralysed by Grinder for 5 turns
  5135 | D:5      | Killed Grinder
  5136 | D:5      | Reached skill level 1 in Ranged Weapons
  5136 | D:5      | Gained mutation: Spells you cast may paralyse nearby
                  | enemies. [demonic ancestry]
  5136 | D:5      | Reached XP level 7. HP: 33/46 MP: 1/13
  5298 | D:5      | Noticed Ijyb
  5314 | D:5      | Killed from afar by Ijyb

Illustrated notes

Levels and vault maps discovered:
D:1:      ncdulo_watergridlock, layout_rooms, serial_forest,
          infiniplex_forest_clump_diagonal, infiniplex_forest_zigzag_1,
          infiniplex_forest_clump_double, infiniplex_forest_clump_tiny,
          infiniplex_forest_clump_small, infiniplex_forest_clump_diagonal,
          infiniplex_forest_end_2
D:2:      layout_basic, nicolae_ecumenical_snake_handling, moated_statue,
          feat_on_display
D:3:      layout_loops_ring
D:4:      layout_cave_pools, temple_doors_ab, hex_large, nzn_random_ring
D:5:      nicolae_cairo_tiling_large_dashed, layout_basic,
          mainiacjoe_overflow_chevrons, lemuel_doored_altar, interstate_on_off,
          kennysheep_potato, uniq_grinder, uniq_ijyb, uniq_menkaure, uniq_edmund
Temple:   kb_temple_of_zot

Skill      XL: |  1  2  3  4  5  6 |
---------------+-------------------+-----
Summonings     | 5 6 |  6.1
Spellcasting   | 3 4 |  4.1
Hexes          | 4 |  4.0
Ranged Weapons | 1 |  1.4
Dodging        | |  1.7
Stealth        | |  1.8
Earth Magic    | |  0.2

Action                   |  1- 3 |  4- 6 |  7- 9 || total
-------------------------+-------+-------+-------++-------
Melee: Unarmed           |    47 |    34 |       ||    81
       Kick              |     6 |    10 |       ||    16
       Headbutt          |       |     6 |       ||     6
 Cast: Summon Small Mamm |    35 |    10 |     1 ||    46
       Call Imp          |    13 |     9 |     1 ||    23
       Call Canine Famil |     2 |    28 |     3 ||    33
       Summon Guardian G |       |     1 |     1 ||     2
  Use: Scroll            |     4 |     4 |       ||     8
 Stab: Paralysed         |       |     2 |       ||     2
Armor: Robe              |    22 |    12 |       ||    34
Dodge: Dodged            |    65 |    52 |     1 ||   118

Table legend: (Time is in decaauts)
 A = Elapsed time spent in this place.
 B = Non-inter-level travel time spent in this place.
 C = Inter-level travel time spent in this place.
 D = Time resting spent in this place.
 E = Time spent auto-exploring this place.
 F = Levels seen in this place.
 G = Mean time per level.
                   A        B        C        D        E       F      G
               +--------+--------+--------+--------+--------+-----+--------+
         Total |   5314 |   5190 |    124 |     51 |   4083 |   6 |  885.7 |
       Dungeon |   5167 |   5073 |     94 |     51 |   4001 |   5 | 1033.4 |
        Temple |    147 |    117 |     30 |      0 |     82 |   1 |  147.0 |
               +--------+--------+--------+--------+--------+-----+--------+

Top non-repeatable levels by time:
     D:2: 1863 daAuts
     D:1: 1151 daAuts
     D:3: 1109 daAuts
     D:4: 776 daAuts
     D:5: 265 daAuts
  Temple: 147 daAuts
